 Dungeon Crawl Stone Soup version 0.19-a0-854-gc78d25d (webtiles) character file.

1514 Implojin the Cleaver (level 8, 0/64 HPs)
             Began as a Minotaur Berserker on July 2, 2016.
             Was a Believer of Trog.
             Slain by a wolf (4 damage)
             ... led by Grum
             ... on level 8 of the Dungeon.
             The game lasted 00:06:34 (1237 turns).

Implojin the Cleaver (Minotaur Berserker)           Turns: 1237, Time: 00:06:35

Health: 0/64       AC:  6    Str: 22    XL:     8   Next: 53%
Magic:  7/7        EV: 10    Int:  4    God:    Trog [**....]
Gold:   0          SH:  0    Dex: 12    Spells: 0 memorised, 7 levels left

rFire  . . .     SeeInvis .     w - +0 broad axe
rCold  . . .     Gourm    .     i - +0 scale mail
rNeg   . . .     Faith    .     (no shield)
rPois  .         Spirit   .     (helmet restricted)
rElec  .         Dismiss  .     (no cloak)
rCorr  .         Reflect  .     (no gloves)
SustAt .         Harm     .     (no boots)
MR     ++...                    y - amulet of rage
Stlth  ..........               (no ring)
                                j - ring of wizardry

@: exhausted, regenerating, slowed, very slow, very resistant to hostile
enchantments, extremely unstealthy
A: retaliatory headbutt, horns 2
a: Berserk, Trog's Hand, Burn Spellbooks, Renounce Religion, Evoke Berserk Rage


You were on level 8 of the Dungeon.
You worshipped Trog.
Trog was pleased with you.
You were hungry.

You visited 1 branch of the dungeon, and saw 8 of its levels.

You collected 48 gold pieces.
You spent 48 gold pieces at shops.

Inventory:

Hand Weapons
 a - a +0 hand axe
 o - a +0 hand axe of chopping
 w - a +0 broad axe (weapon)
Armour
 b - a +0 animal skin
 d - a +0 leather armour
 i - a +0 scale mail (worn)
 q - a +0 cloak
 v - a troll hide
Magical Staves
 x - an uncursed staff of air {unknown}
Jewellery
 j - a ring of wizardry (left hand)
 r - an uncursed ring of loudness
 y - an amulet of rage (around neck)
Wands
 l - a wand of disintegration (18/24)
 t - a wand of flame (35/48)
 u - a wand of confusion (30/48)
 A - a wand of random effects (13/48)
Scrolls
 e - 3 scrolls of random uselessness {unknown}
 h - a scroll of noise
 k - a scroll of teleportation
 n - a scroll of remove curse
 s - a scroll of fear {unknown}
Potions
 g - a potion of degeneration
 p - a potion of beneficial mutation
Comestibles
 c - 3 bread rations
 f - 3 slices of pizza
 m - a meat ration
 z - 7 chunks of flesh


   Skills:
 - Level 3.6 Fighting
 * Level 12.8 Axes
 - Level 2.4 Armour
 - Level 2.1 Dodging


You had 7 spell levels left.
You didn't know any spells.

Dungeon Overview and Level Annotations

Branches:
Dungeon (8/15)
 Temple: D:4-7         Lair: D:8-11

Altars:
Nemelex Xobeh
Pakellas
Vehumet

Shops:
D:7 ?

Annotations:
D:8 Grum


Innate Abilities, Weirdness & Mutations

You reflexively headbutt those who attack you in melee.
You have a pair of horns on your head.


Message History

You are exhausted.
You feel yourself slow down.
You are feeling hungry.
Found 13 gold pieces.
You see here a hand axe.
A - a wand of random effects A howler monkey comes into view.
The howler monkey howls!
The howler monkey hoots and howls with incredible vigour!
You hear a howl!
A wolf comes into view.
You hit the howler monkey. Your headbutt misses the howler monkey.
The howler monkey is moderately wounded.
The howler monkey hits you.
* * * LOW HITPOINT WARNING * * *
The howler monkey hoots and howls with incredible vigour!
Grum the Hunter comes into view.
He is wielding a spear.
Grum growls angrily.
You hear a howl!
You hear two shouts!
You hear a howl! x2
You hear a shout!
You hear a horrible gurgling sound!
You slash the howler monkey!
You kill the howler monkey!
Trog accepts your kill. The wolf bites you!
* * * LOW HITPOINT WARNING * * *
A wolf comes into view.
The wolf bites you.
* * * LOW HITPOINT WARNING * * *
Grum barks, "You're dog chow, Implojin!"
The wolf bites you!
* * * LOW HITPOINT WARNING * * *
A wolf comes into view.
Okay, then.
Okay, then.
Okay, then.
Your skin crawls.
You feel resistant to hostile enchantments.
You feel somewhat more hungry. The wolf bites you.
* * * LOW HITPOINT WARNING * * *
The wolf bites you.
You die...

##. . #.. #. #.#
## #. #.# .h. #..
#.###hh# .
#..#### #.#.g.#
... #....#
###...#
#....###.###.@h#
#.....))...####
##.###)<).....#
#.....##..#
#..#....# ....
....#####...###..
#..#. ##... .
#..... ..# #.....
##


You could see Grum and 4 wolves.

Vanquished Creatures
  The ghost of blooo the Transmogrifier, a novice SpTm of Gozag (D:6)
  A two-headed ogre (D:8)
  A necrophage (D:6)
  3 ogres
  A giant frog (D:7)
  A scorpion (D:4)
  8 killer bees (D:7)
  A howler monkey (D:8)
  A jelly (D:6)
  An orc wizard (D:7)
  An orc priest (D:8)
  A worker ant (D:5)
  An iguana (D:4)
  An adder (D:7)
  A howler monkey skeleton (D:4)
  An ooze (D:2)
  A giant gecko (D:4)
  5 orcs
  A giant cockroach (D:2)
  6 goblins
  2 hobgoblins
  A jackal (D:2)
  4 quokkas
  2 bats
  2 giant newts (D:4)
  2 kobolds
  2 rats
53 creatures vanquished.

Vanquished Creatures (others)
  An adder (D:2)
1 creature vanquished.

Grand Total: 54 creatures vanquished

Notes
Turn   | Place    | Note
-------+----------+-------------------------------------------
     0 | D:1      | Implojin the Minotaur Berserker began the quest for the Orb.
     0 | D:1      | Reached XP level 1. HP: 19/19 MP: 0/0
    56 | D:2      | Found a radiant altar of Vehumet.
    69 | D:1      | Reached skill level 4 in Axes
   160 | D:2      | Reached XP level 2. HP: 17/26 MP: 1/1
   347 | D:3      | Reached skill level 5 in Axes
   360 | D:4      | Noticed an ogre
   366 | D:4      | Killed an ogre
   366 | D:4      | Reached ** piety under Trog
   366 | D:4      | Reached skill level 6 in Axes
   366 | D:4      | Reached XP level 3. HP: 21/31 MP: 2/2
   366 | D:4      | Reached XP level 4. HP: 26/39 MP: 3/3
   456 | D:4      | Found an oddly glowing altar of Pakellas.
   475 | D:4      | Reached skill level 7 in Axes
   475 | D:4      | Reached XP level 5. HP: 42/45 MP: 4/4
   561 | D:5      | Entered Level 5 of the Dungeon
   703 | D:6      | Noticed a necrophage
   703 | D:6      | Noticed blooo's ghost (novice SpTm)
   713 | D:6      | Killed a necrophage
   713 | D:6      | Reached skill level 8 in Axes
   713 | D:6      | Reached XP level 6. HP: 51/51 MP: 5/5
   717 | D:6      | Killed blooo's ghost
   717 | D:6      | Reached skill level 10 in Axes
   717 | D:6      | Reached XP level 7. HP: 57/57 MP: 6/6
   917 | D:7      | Found a sparkling altar of Nemelex Xobeh.
  1009 | D:7      | Reached skill level 11 in Axes
  1013 | D:7      | Reached XP level 8. HP: 9/64 MP: 7/7
  1018 | D:7      | HP: 2/64 [poisoned by a killer bee]
  1116 | D:7      | Found Fafucsil's Magic Scroll Shoppe.
  1130 | D:7      | Bought a scroll of identify for 24 gold pieces
  1130 | D:7      | Bought a scroll of identify for 24 gold pieces
  1151 | D:7      | Reached skill level 12 in Axes
  1195 | D:8      | Noticed a two-headed ogre
  1222 | D:8      | Killed a two-headed ogre
  1234 | D:8      | Noticed Grum
  1237 | D:8      | Slain by a wolf

Vault maps used:
D:1:      minmay_arrival_wavy_path, serial_bayou_pond_e
D:2:      fiery_altar_vehumet, st_stairs_4, grunt_decor_cap
D:3:      hangedman_ru_absence, lightli_sewer_entry_pipes,
          kennysheep_generic_room_6
D:4:      johnstein_pakellas_death_squad, old_standard_altar, first_bread,
          serial_glass, glass_columns_c, glass_columns_a
D:5:      uniq_menkaure
D:6:      kennysheep_six_static_rooms, serial_shops, shop_coins,
          nicolae_gozag_seed_capital
D:7:      old_standard_altar, basic_altar, serial_shops, shop_scrolls,
          kennysheep_little_box, nicolae_shop_overgrown_old_shop, shop, shop,
          eino_jars
D:8:      lemuel_doored_altar, lair_0_dummy, grunt_ogre_cave,
          kennysheep_windowed_goal, uniq_gastronok, uniq_grum

Skill      XL: |  1  2  3  4  5  6  7  8 |
---------------+-------------------------+-----
Axes           | 4 6 7 8 10 11 12 | 12.8
Fighting       | |  3.6
Armour         | |  2.4
Dodging        | |  2.1

Action                   |  1- 3 |  4- 6 |  7- 9 || total
-------------------------+-------+-------+-------++-------
Melee: Hand axe          |    39 |    12 |       ||    51
       Headbutt          |     6 |     4 |     6 ||    16
       Broad axe         |       |    13 |    45 ||    58
Invok: Berserk           |     1 |     2 |     5 ||     8
       Trog's Hand       |       |       |     1 ||     1
  Use: Scroll            |       |     1 |     4 ||     5
       Potion            |       |       |     4 ||     4
  Eat: Chunk             |       |     1 |     6 ||     7
       Pizza             |       |       |     1 ||     1
Armor: Leather armour    |     4 |       |       ||     4
       Animal skin       |     1 |       |       ||     1
       Scale mail        |     3 |     6 |    18 ||    27
Dodge: Dodged            |    22 |    12 |    33 ||    67

Table legend:
 A = Turns spent in this place as a percentage of turns spent in the entire game.
 B = Non-inter-level travel turns spent in this place as a percentage of non-inter-level travel turns spent in the entire game.
 C = Inter-level travel turns spent in this place as a percentage of turns spent in this place.
 D = Turns resting spent in this place as a percentage of non-inter-level travel turns spent in this place.
 E = Turns spent auto-exploring this place as a percentage of non-inter-level travel turns spent in this place.
 F = Non-inter-level travel turns spent in this place divided by the number of levels of this place that you've seen.
                   A       B       C       D       E      F
               +-------+-------+-------+-------+-------+----------------------
         Total | 100.0 | 100.0 |   0.0 |   1.0 |   0.0 | 144.1
       Dungeon | 100.0 | 100.0 |   0.0 |   1.0 |   0.0 | 144.1
               +-------+-------+-------+-------+-------+----------------------

Table legend:
 A = Kills in this place as a percentage of kills in entire the game.
 B = Kills by you in this place as a percentage of kills by you in the entire game.
 C = Kills by friends in this place as a percentage of kills by friends in the entire game.
 D = Other kills in this place as a percentage of other kills in the entire game.
 E = Experience gained in this place as a percentage of experience gained in the entire game.
 F = Experience gained in this place divided by the number of levels of this place that you have seen.
                   A       B       C       D       E      F
               +-------+-------+-------+-------+-------+----------------------
         Total | 100.0 | 100.0 |  -nan |  -nan | 100.0 | 270.4
       Dungeon | 100.0 | 100.0 |  -nan |  -nan | 100.0 | 270.4
               +-------+-------+-------+-------+-------+----------------------
